 Dungeon Crawl Stone Soup version 0.22-a0-136-g83a10e5 (webtiles) character file.

203 Amnesiac the Vexing (level 5, 0/35 HPs)
             Began as a Mummy Enchanter on Feb 4, 2018.
             Was an Initiate of Dithmenos.
             Slain by a gnoll (3 damage)
             ... on level 4 of the Dungeon.
             The game lasted 00:04:59 (3839 turns).

Amnesiac the Vexing (Mummy Enchanter)               Turns: 3839, Time: 00:04:59

Health: 0/35       AC:  2    Str: 11    XL:     5   Next: 51%
Magic:  3/11       EV: 12    Int: 16    God:    Dithmenos [......]
Gold:   202        SH:  0    Dex: 12    Spells: 4/13 levels left

rFire    x x .     SeeInvis .   a - +0 dagger (venom)
rCold    + + .     Gourm    +   (no shield)
rNeg     + + +     Faith    .   p - +0 robe
rPois    ∞         Spirit   .   (no helmet)
rElec    .         Reflect  .   (no cloak)
rCorr    .         Harm     .   (no gloves)
MR       .....                  (no boots)
Stlth    +.........             d - amulet of the gourmand
HPRegen  0.11/turn              n - ring of loudness (curse)
MPRegen  0.12/turn              i - ring of ice

@: no status effects
A: no food or potions, fire vulnerability, cold resistance 1, negative energy
resistance 3, torment resistance, unbreathing
a: Renounce Religion


You were on level 4 of the Dungeon.
You worshipped Dithmenos.
Dithmenos was noncommittal.
You were not hungry.

You visited 1 branch of the dungeon, and saw 4 of its levels.

You collected 202 gold pieces.

Inventory:

Hand Weapons
 a - a +0 dagger of venom (weapon)
 b - a +0 blowgun
 r - a +0 dagger of speed
Missiles
 h - 2 needles of sleeping
 j - 79 stones (quivered)
 o - 8 poisoned needles
Armour
 p - a +0 robe (worn)
Jewellery
 d - an amulet of the gourmand (around neck)
 f - an uncursed ring of wizardry
 i - a ring of ice (right hand)
 n - a cursed ring of loudness (left hand)
Wands
 e - a wand of paralysis (16)
Scrolls
 g - 2 scrolls of teleportation {!r, unknown}
 k - 2 scrolls of amnesia {!r}
 l - 2 scrolls of random uselessness {!r, unknown}
 m - a scroll of blinking {!r}
 q - a scroll of enchant weapon {!r, unknown}
 s - a scroll of identify {!r}
Books
 c - a book of Maledictions

   Spells                             Type                      Level
   a - Corona                         Hexes                        1
   b - Ensorcelled Hibernation        Hexes/Ice                    2
   c - Confuse                        Hexes                        3
   d - Tukima's Dance                 Hexes                        3
   e - Dazzling Spray                 Conjuration/Hexes            3


   Skills:
 - Level 0.7 Short Blades
 - Level 1.5 Dodging
 - Level 2.4 Stealth
 + Level 4.6 Spellcasting
 * Level 4.9 Hexes


You had 4 spell levels left.
You knew the following spells:

 Your Spells              Type           Power        Failure   Level  Hunger
a - Ensorcelled Hibernat  Hex/Ice        ###...       9%          2    N/A
b - Corona                Hex            ###....      1%          1    N/A
e - Confuse               Hex            ###.....     6%          3    N/A
w - Tukima's Dance        Hex            ###.....     6%          3    N/A

Dungeon Overview and Level Annotations

Branches:
Dungeon (4/15)
 Temple: D:4-7

Altars:
Cheibriados
Dithmenos
Okawaru
Trog
Uskayaw
The Shining One


Innate Abilities, Weirdness & Mutations

You do not eat or drink.
Your flesh is vulnerable to fire.
You are immune to poison.
Your flesh is cold resistant. (rC+)
You are immune to negative energy. (rN+++)
You are immune to unholy pain and torment.
You can survive without breathing.


Message History

A gnoll comes into view.
Items here: )) †† a club x2; an orc corpse x2
A gnoll is nearby!
A gnoll is nearby!
You hear the slow rusting of a very distant drain. 2 gnolls come into view.
The gnoll shouts!
A quokka comes into view.
Things that are here:
a hand axe; a leather armour; an orc corpse
Casting: Tukima's Dance (safe; 6% risk of failure)
Confirm with . or Enter, or press ? or * to list all spells.
Aiming: Confuse (safe; 6% risk of failure)
Press: ? - help, Shift-Dir - straight line, f - gnoll
Aim: a gnoll, wielding a club (chance to defeat MR: 58%)
You miscast Confuse.
You are very lightly contaminated with residual magic.
Your skin glows momentarily.
Things that are here:
a trident; an orc corpse The quokka twitches its whiskers.
Casting: Confuse (safe; 6% risk of failure)
Confirm with . or Enter, or press ? or * to list all spells.
Aiming: Confuse (safe; 6% risk of failure)
Press: ? - help, Shift-Dir - straight line, f/p - gnoll
Aim: a gnoll, wielding a club (chance to defeat MR: 58%)
The gnoll resists with significant effort.
You hit the gnoll.
The gnoll is poisoned.
The gnoll is lightly wounded.
The gnoll closely misses you.
You hit the gnoll.
The gnoll looks as sick as possible!
The gnoll is lightly wounded.
The gnoll barely misses you.
You hit the gnoll.
The gnoll looks as sick as possible!
The gnoll is moderately wounded.
The gnoll closely misses you.
You kill the gnoll!
Dithmenos accepts your kill.
You closely miss the gnoll. The gnoll barely misses you.
You barely miss the gnoll. The gnoll closely misses you.
You hit the gnoll.
The gnoll is poisoned.
The gnoll is lightly wounded.
The gnoll barely misses you.
You completely miss the gnoll.
The gnoll is lightly wounded.
The gnoll hits you.
Your magical contamination has completely faded away.
The gnoll looks more healthy.
The gnoll hits you.
* * * LOW HITPOINT WARNING * * *
The gnoll hits you.
* * * LOW HITPOINT WARNING * * *
Unknown command.
You hit the gnoll but do no damage.
The gnoll is severely wounded.
The gnoll closely misses you.
Unknown command.
You hit the gnoll but do no damage.
The gnoll is poisoned.
The gnoll is severely wounded.
The gnoll hits you!
* * * LOW HITPOINT WARNING * * *
Unknown command.
The gnoll hits you.
You die...

############
...#.......#
.#.#.#####.#
...#.#...#.############
.........#......@gr.g.#
...#.##)######..#####.#
.................# #.#
#######.######...# #.#
..........####g#
#..............##
.(..............#
####################.###
.))..).........r.g)....#


You could see 2 gnolls and a quokka.

Vanquished Creatures
  Natasha (D:2)
  A gnoll (D:4)
  4 adders
  4 dart slugs
  A leopard gecko (D:2)
  4 orcs
  2 giant cockroaches (D:3)
  5 goblins
  9 hobgoblins
  4 jackals (D:3)
  12 kobolds
  A quokka (D:2)
  2 ball pythons
  5 bats
  7 frilled lizards
  11 rats
73 creatures vanquished.

Vanquished Creatures (collateral kills)
  An ogre (D:4)
  An adder (D:4)
  An orc (D:4)
3 creatures vanquished.

Grand Total: 76 creatures vanquished

Notes
Turn   | Place    | Note
-------+----------+-------------------------------------------
     0 | D:1      | Amnesiac the Mummy Enchanter began the quest for the Orb.
     0 | D:1      | Reached XP level 1. HP: 13/13 MP: 4/4
   317 | D:1      | Reached XP level 2. HP: 14/19 MP: 6/6
  1777 | D:2      | Reached XP level 3. HP: 24/24 MP: 7/7
  1784 | D:2      | Learned a level 3 spell: Confuse
  2380 | D:2      | Noticed Natasha
  2392 | D:2      | Killed Natasha
  2392 | D:2      | Reached XP level 4. HP: 30/30 MP: 6/9
  2766 | D:2      | Learned a level 2 spell: Ensorcelled Hibernation
  2820 | D:3      | Learned a level 3 spell: Tukima's Dance
  2872 | D:3      | Found a shadowy altar of Dithmenos.
  3005 | D:3      | Found a snail-covered altar of Cheibriados.
  3008 | D:3      | Found an iron altar of Okawaru.
  3008 | D:3      | Found a glowing golden altar of the Shining One.
  3010 | D:3      | Found a bloodstained altar of Trog.
  3011 | D:3      | Found a hide-covered altar of Uskayaw.
  3015 | D:3      | Became a worshipper of Dithmenos the Shadowed
  3700 | D:4      | Noticed an ogre
  3711 | D:4      | Reached XP level 5. HP: 20/35 MP: 1/11
  3718 | D:4      | Killed an ogre
  3839 | D:4      | Slain by a gnoll

Vault maps used:
D:1:      lightli_arrival_quake, moated_statue
D:2:      minmay_tromino_v4_c, uniq_natasha
D:3:      grunt_temple_overflow_open
D:4:      minmay_temple_entry_hall, first_ration, portal_sewer_entry_d,
          xom_teletrap_fun

Skill      XL: |  1  2  3  4 |
---------------+-------------+-----
Hexes          | 3 4 |  4.9
Spellcasting   | 3 4 |  4.6
Short Blades   | |  0.7
Dodging        | |  1.5
Stealth        | |  2.4

Action                   |  1- 3 |  4- 6 || total
-------------------------+-------+-------++-------
Melee: Dagger            |   118 |   156 ||   274
       Spear             |       |     3 ||     3
 Cast: Corona            |     1 |       ||     1
       Confuse           |     2 |     5 ||     7
       Tukima's Dance    |       |     2 ||     2
       Ensorcelled Hiber |       |     1 ||     1
  Use: Scroll            |       |     3 ||     3
 Stab: Sleeping          |     4 |       ||     4
       Confused          |     1 |       ||     1
Armor: Robe              |    14 |    36 ||    50
Dodge: Dodged            |    62 |   134 ||   196

Table legend:
 A = Spawn XP
 B = Non-spawn XP
 C = Spawn XP percentage of total XP
 D = Spawn monster count
 E = Non-spawn monster count
 F = Spawn count percentage of total count
 G = Total turns spent on level
                    A         B        C        D         E        F      G
               +---------+---------+-------+---------+---------+-------+---------
         Total |       0 |     291 |   0.0 |       0 |      76 |   0.0 |  3839
               +---------+---------+-------+---------+---------+-------+---------
           D:1 |       0 |      39 |   0.0 |       0 |      24 |   0.0 |  1771
           D:2 |       0 |      86 |   0.0 |       0 |      17 |   0.0 |   996
           D:3 |       0 |      70 |   0.0 |       0 |      28 |   0.0 |   926
           D:4 |       0 |      96 |   0.0 |       0 |       7 |   0.0 |   146
               +---------+---------+-------+---------+---------+-------+---------
